Map: Torres Crepusculares

Players

Swat

  • Race: Terran Terran
  • League: Diamond

TheZergLord - Winner!

  • Race: Zerg Zerg
  • League: Master

VOD

Have the link to the VOD?

Description

Time

  • Played on: May 24, 2016, 5:48 p.m.
  • Length: 10:54
Show
View Real Time Build Order
Export as new Build Order

Swat Terran 

Build Orders: MMM Bio 

Get SALT Encoding   

  12  0:01  SCV  
  13  0:13  SCV  
  14  0:17  Supply Depot  
  14  0:25  SCV  
  15  0:39  SCV  
  15  0:40  Barracks  
  16  0:51  SCV  
  17  1:03  SCV  
  18  1:15  SCV  
  19  1:20  Command Center  
  19  1:26  Marine  
  19  1:27  SCV  
  21  1:33  Supply Depot  
  21  1:43  Barracks  
  21  1:51  SCV  
  22  1:54  Marine  
  22  2:00  Barracks  
  23  2:03  SCV  
  24  2:09  Refinery  
  24  2:13  Refinery  
  24  2:19  Marine  
  24  2:20  SCV  
  26  2:33  SCV  
  27  2:45  SCV  
  27  2:47  Marine x3  
  27  2:49  Orbital Command  
  30  3:04  Marine  
  30  3:07  Marine  
  30  3:09  Barracks Tech Lab  
  30  3:11  Factory  
  30  3:22  Orbital Command, Marine  
  30  3:23  SCV  
  30  3:26  Marine  
  33  3:32  Stimpack  
  33  3:35  SCV  
  33  3:39  Marine  
  35  3:44  Barracks Reactor  
  35  3:46  Barracks Reactor  
  35  3:47  SCV  
  36  3:48  SCV  
  36  3:53  Supply Depot  
  37  3:57  Supply Depot  
  37  3:59  SCV  
  37  4:01  SCV  
  37  4:02  Bunker  
  39  4:05  Starport  
  39  4:06  Factory Reactor  
  39  4:11  SCV  
  39  4:13  SCV  
  39  4:15  Marine  
  42  4:23  SCV, Supply Depot  
  43  4:24  Marine x3  
  43  4:25  SCV  
  43  4:28  Marine  
  48  4:35  SCV  
  48  4:37  SCV, Marine  
  51  4:42  Marine  
  52  4:46  Supply Depot  
  52  4:49  Barracks, Marine  
  52  4:50  Factory Reactor, Marine x2  
  52  4:51  Medivac  
  57  4:55  Medivac, Marine  
  60  5:04  Barracks  
  60  5:05  Marine  
  61  5:07  Marine x2  
  61  5:08  SCV, Marine  
  61  5:09  SCV  
  61  5:12  Marine  
  67  5:16  Supply Depot  
  67  5:19  Engineering Bay  
  67  5:20  SCV  
  68  5:22  Marine  
  68  5:25  Medivac, Marine  
  72  5:33  Combat Shields  
  72  5:40  Marine x3  
  76  5:44  Marine  
  76  5:47  Supply Depot  
  76  5:48  Barracks Reactor, Marine  
  76  5:49  Widow Mine x2  
  77  5:54  Refinery  
  77  5:56  Refinery  
  81  5:58  SCV, Marine x2, Supply Depot x2  
  81  5:59  SCV  
  81  6:00  Marine  
  81  6:02  Barracks Tech Lab  
  86  6:10  Marine x2  
  88  6:13  Supply Depot  
  88  6:14  Terran Infantry Weapons Level 1  
  88  6:16  Marine  
  78  6:31  Marine x4  
  78  6:32  Marine x2, Widow Mine x2  
  80  6:39  Marine x2  
  86  6:41  Medivac, Concussive Shells  
  86  6:49  Marine x3  
  83  6:55  Marine x3  
  83  6:57  Marine  
  83  6:59  SCV  
  83  7:00  Widow Mine  
  83  7:01  Widow Mine  
  88  7:04  SCV  
  88  7:06  Medivac  
  88  7:08  Marine x2  
  96  7:09  Marine  
  96  7:10  Marine  
  96  7:11  SCV  
  96  7:14  Command Center  
  100  7:16  SCV, Marine  
  100  7:17  Marine x3  
  105  7:26  Marine  
  105  7:29  Marine x3  
  109  7:30  Medivac  
  109  7:32  SCV x2  
  109  7:34  Marine  
  109  7:35  Medivac  
  116  7:37  Engineering Bay  
  116  7:40  Supply Depot  
  116  7:42  Supply Depot  
  116  7:45  SCV  
  116  7:47  Marine  
  118  8:01  Medivac, Marine x4, Widow Mine  
  118  8:03  Marine x2, Widow Mine  
  100  8:23  Marine x5  
  100  8:24  Marine x3  
  100  8:25  SCV x2  
  100  8:26  Terran Infantry Armor Level 1  
  104  8:30  Orbital Command  
  104  8:31  Armory  
  104  8:35  Supply Depot  
  104  8:37  SCV  
  104  8:38  SCV  
  104  8:39  Liberator  
  104  8:41  Marine x2, Widow Mine  
  108  8:42  Marine x2, Widow Mine  
  108  8:43  Marine x2  
  108  8:45  Marine x2  
  118  8:53  Medivac  
  120  8:58  SCV, Marine  
  120  9:01  SCV x2  
  120  9:02  Marine  
  128  9:04  Marine  
  129  9:18  SCV x3  
  129  9:23  Marine x4  
  129  9:24  Marine x2, Widow Mine x2  
  142  9:31  SCV x3  
  142  9:32  Marine x2  
  147  9:41  Liberator, Marine x5  
  147  9:42  Marine  
  147  9:43  SCV  
  131  9:56  Marine x2  
  131  9:58  Marine, Medivac  
  131  9:59  SCV x2, Marine x3  
  142  10:01  Refinery  
  142  10:02  Refinery  
  142  10:04  Command Center  
  132  10:09  Marine x2  
  125  10:14  Marine x2  
  125  10:16  Marine x2  
  125  10:17  Marine x2  
  102  10:27  Marine x2  
  96  10:32  Marine x2  
  96  10:34  Marine x3  
  96  10:35  Marine  
Show
View Real Time Build Order
Export as new Build Order

TheZergLord Zerg - Winner!

Build Orders: Hatch First, Muta Ling Bane 

Get SALT Encoding   

  12  0:01  Drone  
  13  0:12  Overlord  
  13  0:17  Drone  
  14  0:31  Drone x2  
  14  0:35  Drone  
  17  0:55  Hatchery  
  16  0:57  Drone  
  17  1:10  Spawning Pool  
  16  1:13  Drone  
  16  1:16  Extractor  
  17  1:18  Drone  
  17  1:22  Drone  
  18  1:29  Drone  
  19  1:42  Overlord  
  19  1:57  Queen  
  19  1:58  Zergling x2  
  22  2:01  Zergling x2  
  22  2:07  Queen  
  22  2:08  Zergling x2  
  26  2:12  Drone  
  27  2:20  Metabolic Boost  
  27  2:27  Drone  
  27  2:28  Drone  
  27  2:29  Drone  
  30  2:33  Drone  
  31  2:39  Drone  
  32  2:51  Hatchery  
  32  2:54  Queen  
  33  3:04  Drone x4  
  36  3:19  Overlord  
  36  3:20  Overlord  
  36  3:24  Overlord  
  36  3:39  Drone x2  
  36  3:40  Drone  
  39  3:41  Drone x6  
  39  3:42  Queen  
  39  3:45  Queen  
  49  3:51  Drone  
  49  3:54  Drone  
  51  3:58  Drone x2  
  53  4:05  Queen  
  53  4:07  Overlord  
  53  4:08  Drone  
  53  4:09  Drone x2  
  58  4:13  Drone  
  58  4:14  Drone x2  
  61  4:23  Lair  
  61  4:27  Overlord  
  61  4:28  Drone x5  
  66  4:37  Overlord  
  66  4:39  Spore Crawler  
  66  4:40  Spore Crawler  
  66  4:41  Spore Crawler  
  66  4:42  Drone  
  66  4:43  Drone  
  64  4:53  Baneling Nest  
  64  4:54  Drone x4, Evolution Chamber  
  64  4:55  Drone, Extractor x2  
  64  4:56  Drone x2  
  64  4:57  Drone x2  
  64  4:58  Drone  
  70  5:01  Zergling x2  
  70  5:02  Zergling x4  
  73  5:13  Zergling x6  
  76  5:25  Overseer  
  76  5:26  Zergling x10  
  81  5:32  Zerg Ground Armor Level 1  
  81  5:34  Drone x2  
  83  5:38  Zergling x2  
  83  5:39  Zergling x8  
  83  5:41  Overlord x3  
  88  5:49  Overlord  
  88  5:50  Hatchery  
  88  5:51  Centrifical Hooks  
  88  5:54  Baneling  
  88  5:55  Baneling  
  87  6:01  Zergling x18  
  87  6:03  Baneling x2  
  96  6:05  Hatchery  
  96  6:08  Zergling x6  
  98  6:12  Zergling x4  
  100  6:18  Zergling x2  
  100  6:19  Zergling x6  
  101  6:31  Overlord x3  
  101  6:35  Baneling x10  
  101  6:36  Baneling  
  97  6:50  Drone x2  
  97  6:54  Drone x6  
  100  6:55  Drone x2  
  100  6:57  Zergling x6, Extractor  
  100  6:58  Extractor  
  107  7:06  Drone  
  107  7:07  Queen, Spire  
  109  7:10  Zergling x14  
  109  7:11  Zergling x4  
  109  7:13  Drone  
  109  7:14  Extractor  
  118  7:18  Queen  
  118  7:19  Drone  
  118  7:20  Drone  
  118  7:21  Drone  
  123  7:29  Overlord  
  123  7:31  Drone  
  123  7:32  Zerg Melee Weapons Level 1  
  123  7:34  Evolution Chamber  
  123  7:42  Drone  
  123  7:43  Overlord  
  124  7:47  Zergling x24  
  124  7:48  Zergling x4  
  124  7:50  Baneling x9  
  138  7:52  Overseer  
  139  7:58  Zergling x6  
  139  8:02  Zerg Ground Armor Level 2  
  118  8:24  Mutalisk  
  118  8:25  Mutalisk x4  
  128  8:30  Drone x9  
  128  8:31  Drone x3  
  140  8:34  Extractor  
  139  8:44  Mutalisk x3  
  145  8:49  Zergling x10  
  145  8:50  Pneumatized Carapace  
  145  8:51  Overlord x2  
  145  8:52  Overlord  
  150  9:01  Extractor  
  149  9:04  Hatchery  
  148  9:13  Drone  
  148  9:14  Drone x3, Infestation Pit  
  148  9:15  Drone  
  152  9:20  Zergling x20  
  152  9:21  Zergling x6  
  152  9:23  Baneling x11  
  152  9:24  Baneling x3  
  165  9:25  Baneling x6  
  165  9:26  Baneling x2  
  165  9:33  Zergling x2  
  165  9:34  Zergling x16  
  157  10:17  Zergling x8  
  157  10:18  Zergling x44  
  168  10:22  Zergling x2  
  168  10:23  Zergling x14  
Tags
 
Add a new tag
Caveats
  • Supply blocks, unpowered buildings, or Contaminate may cause inaccurate times.
  • Supply counts are checked every 10 seconds.